[Event "FIDE World Cup O12-B 2024"]
[Site "Batumi"]
[Date "2024.06.26"]
[Round "4.1"]
[White "Gabadadze, Gabriel"]
[Black "Qu, Haoming"]
[Result "1/2-1/2"]
[ECO "B01"]
[WhiteElo "1975"]
[BlackElo "1877"]
[Annotator "NA RC"]
[PlyCount "88"]
[EventDate "2024.06.23"]
[EventType "swiss"]
[EventCountry "GEO"]
[SourceTitle "playchess.com"]
[Source "ChessBase"]
[SourceQuality "1"]
[TimeControl "5400+30"]

1. e4 d5 2. exd5 Qxd5 3. Nc3 Qd6 4. d4 c6 5. Nf3 Bf5 6. Ne5 {[%emt 0:04:04] B01: Scandinavian Defence.} Nd7 7. Nc4 Qg6 8. Ne3 Ngf6 9. Nxf5 Qxf5 10. Bd3 Qa5 11. O-O e6 12. Ne4 Nxe4 13. Bxe4 Nf6 14. Bf3 Bd6 15. c3 O-O 16. Re1 Rfe8 17. Be3 Nd5 18. Bd2 Qc7 19. g3 Nf6 20. Bg5 Nd7 21. Qd3 h6 22. Be3 Rad8 23. Rad1 Nf6 24. Kg2 a6 25. Qc2 Qa5 26. a3 $14 Bf8 27. c4 Qc7 28. Qb3 Rd7 29. Qc3 e5 30. dxe5 Rxd1 31. Rxd1 Qxe5 32. Qb3 Qc7 33. Bf4 Qc8 34. Qb6 g5 35. Be3 Bg7 36. Qb3 Ng4 37. Bd4 Ne5 38. Bxe5 Rxe5 39. h3 Qc7 40. Qd3 Bf6 41. Bg4 Kg7 42. Qf3 Re7 43. b3 Qe5 44. a4 a5 1/2-1/2

[Event "FIDE World Cup O12-B 2024"]
[Site "Batumi"]
[Date "2024.06.26"]
[Round "4.2"]
[White "Kakavand, Ramtin"]
[Black "Batbaatar, Baatar"]
[Result "0-1"]
[ECO "B51"]
[WhiteElo "2059"]
[BlackElo "1724"]
[Annotator "NA RC"]
[PlyCount "76"]
[EventDate "2024.06.23"]
[EventType "swiss"]
[EventCountry "GEO"]
[SourceTitle "playchess.com"]
[Source "ChessBase"]
[SourceQuality "1"]
[TimeControl "5400+30"]

1. e4 c5 2. Nf3 d6 3. Bb5+ Nd7 4. a4 a6 5. Be2 Ngf6 6. Nc3 {[%emt 0:00:00] B51: Sicilian: Moscow Variation (3 Bb5+) without 3...Bd7.} b6 7. d4 cxd4 8. Nxd4 Bb7 9. f3 e6 10. O-O Be7 11. Re1 O-O 12. Bf1 Nc5 13. Be3 Qc7 14. Qd2 Rac8 15. Bf2 h6 16. Rad1 Rfd8 17. Qc1 Qb8 18. Qa1 Qa8 19. Nb1 Bf8 20. Nd2 Ncd7 21. c4 Qb8 22. a5 d5 23. axb6 dxe4 24. fxe4 Ng4 $17 25. Bg3 Bd6 26. Bxd6 Qxd6 27. N2f3 Qxb6 28. h3 Nge5 29. Kh1 Nxc4 30. Bxc4 Rxc4 31. b3 Rcc8 32. Qb1 Ne5 33. Nxe5 Rxd4 34. Nc4 Qc5 35. Rxd4 Qxd4 36. e5 Bd5 37. Rd1 Qf2 38. Rg1 Qg3 0-1

[Event "FIDE World Cup O12-B 2024"]
[Site "Batumi"]
[Date "2024.06.26"]
[Round "4.3"]
[White "Aadik Theophane Lenin"]
[Black "Diaz Guerrero, Jesus Daniel"]
[Result "1-0"]
[ECO "D38"]
[WhiteElo "1852"]
[BlackElo "2032"]
[Annotator "NA RC"]
[PlyCount "91"]
[EventDate "2024.06.23"]
[EventType "swiss"]
[EventCountry "GEO"]
[SourceTitle "playchess.com"]
[Source "ChessBase"]
[SourceQuality "1"]
[TimeControl "5400+30"]

1. d4 d5 2. c4 e6 3. Nf3 Nf6 4. Nc3 Bb4 5. Bg5 h6 6. Bxf6 Qxf6 7. e3 O-O 8. Rc1 dxc4 9. Bxc4 c5 10. O-O cxd4 {[%emt 0:00:26] D38: Queen's Gambit Declined: Ragozin Defence (4 Nf3 Bb4).} 11. Ne4 Qe7 12. exd4 Bd7 13. Rc2 (13. Qd3 $14) 13... Bc6 14. Re2 Rd8 15. a3 Ba5 16. b4 (16. Qc2 $11) 16... Bb6 17. Rfe1 Qc7 18. Qd3 Nd7 19. Rc2 $17 Bxe4 20. Rxe4 Qd6 21. Rce2 Nf8 22. h4 Rac8 23. h5 a6 24. Rg4 Ba7 25. Ne5 Rc7 26. Rd2 b5 27. Bb3 Rc1+ 28. Kh2 f6 29. Qg3 Rc7 30. d5 Re7 31. Nc6 Bb8 32. Qxd6 Bxd6+ 33. g3 f5 34. Nxe7+ Bxe7 35. Rgd4 exd5 36. Rxd5 Rxd5 37. Bxd5+ Kh7 38. Bb7 Bg5 39. f4 Bf6 40. Bxa6 g5 41. hxg6+ Kxg6 42. Bxb5 h5 43. Be8+ Kh6 44. b5 h4 45. b6 hxg3+ 46. Kxg3 1-0

[Event "FIDE World Cup O12-B 2024"]
[Site "Batumi"]
[Date "2024.06.26"]
[Round "4.4"]
[White "Tatvidze, Davit"]
[Black "Ibrahimli, Suat"]
[Result "0-1"]
[ECO "A34"]
[WhiteElo "2000"]
[BlackElo "1852"]
[Annotator "NA RC"]
[PlyCount "106"]
[EventDate "2024.06.23"]
[EventType "swiss"]
[EventCountry "GEO"]
[SourceTitle "playchess.com"]
[Source "ChessBase"]
[SourceQuality "1"]
[TimeControl "5400+30"]

1. c4 c5 2. Nc3 Nf6 3. g3 d5 4. cxd5 Nxd5 5. Bg2 Nc7 6. Nf3 Nc6 7. O-O e5 8. d3 Be7 9. Be3 Be6 10. Qd2 (10. Rc1 $11 {is superior.}) 10... f6 11. Rac1 Rc8 12. b3 O-O 13. Rfd1 Qd7 14. Qb2 b6 15. Ne4 h6 16. Ned2 Nd5 17. Nc4 b5 18. Na3 $17 Nd4 19. Nh4 Kh7 20. Nb1 f5 21. Nf3 Bf6 22. Qd2 b4 23. Ne1 a5 24. Bxd5 Bxd5 25. f3 Bxb3 26. axb3 Nxb3 27. Qa2 Nxc1 28. Rxc1 Qb5 29. Nd2 a4 30. Nc4 Rc6 31. Ra1 Ra8 32. Nd2 e4 33. Rb1 exf3 34. Nexf3 Qb7 35. Nc4 b3 36. Qa3 Qb4 37. Nfd2 Re8 38. Qc1 Rxe3 39. Nxe3 Bd4 40. Ndc4 b2 41. Nxb2 Rb6 42. Kg2 Bxb2 43. Qf1 Rf6 44. Nd5 Qb7 45. e4 Rf7 46. Qe2 a3 47. Kh3 Qd7 48. Kg2 fxe4 49. dxe4 Bd4 50. Nf4 g5 51. Nh3 Qe6 52. Re1 a2 53. Qh5 Kg7 0-1

[Event "FIDE World Cup O12-B 2024"]
[Site "Batumi"]
[Date "2024.06.26"]
[Round "4.5"]
[White "Zhang, Haoxuan(Zj)"]
[Black "Chia, Yu Zhe Ashton"]
[Result "1-0"]
[ECO "B22"]
[WhiteElo "1907"]
[BlackElo "2229"]
[Annotator "RC"]
[PlyCount "109"]
[EventDate "2024.06.23"]
[EventType "swiss"]
[EventCountry "GEO"]
[SourceTitle "playchess.com"]
[Source "ChessBase"]
[SourceQuality "1"]
[TimeControl "5400+30"]

1. e4 c5 2. Nf3 g6 3. c3 d5 4. exd5 Qxd5 5. d4 cxd4 6. cxd4 Bg7 7. Nc3 Qd8 8. Bc4 Nf6 9. O-O O-O 10. h3 Bf5 11. Re1 Nbd7 12. Bb3 Nb6 13. Bg5 h6 14. Bh4 g5 15. Bg3 e6 16. Nb5 Ne4 17. Be5 a6 18. Nc3 Nf6 19. Bc2 Bxc2 20. Qxc2 Rc8 21. Qb3 Rc6 22. Rad1 Nbd5 23. Na4 b6 24. Nc3 Nxc3 25. bxc3 Qd5 26. Qb2 Rfc8 27. c4 Rxc4 28. Qxb6 R4c6 29. Qb1 Rc2 30. Rd2 Rxd2 31. Nxd2 Nh5 32. Ne4 f6 33. Bh2 f5 34. Nc5 Rc6 35. Qb8+ Kh7 36. Be5 Nf4 37. Bxf4 gxf4 38. Qxf4 Bxd4 39. Nd3 Bc3 40. Nb4 Qd6 41. Re4 fxe4 42. Qxe4+ Kg7 43. Nxc6 Bf6 44. Nb4 Qd1+ 45. Kh2 Qa4 46. Qb7+ Kg6 47. g3 a5 48. Nd3 e5 49. Qd5 Kf5 50. Nf4 Qd4 51. Qe6+ Ke4 52. Qc6+ Kf5 53. Qc8+ Ke4 54. Qc2+ Kf3 55. Qe2# 1-0

[Event "FIDE World Cup O12-B 2024"]
[Site "Batumi"]
[Date "2024.06.26"]
[Round "4.6"]
[White "Golikov, Ivan"]
[Black "Pirtac, Alexandru"]
[Result "1-0"]
[ECO "A45"]
[WhiteElo "1723"]
[BlackElo "1977"]
[Annotator "NA RC"]
[PlyCount "91"]
[EventDate "2024.06.23"]
[EventType "swiss"]
[EventCountry "GEO"]
[SourceTitle "playchess.com"]
[Source "ChessBase"]
[SourceQuality "1"]
[TimeControl "5400+30"]

1. d4 Nf6 2. Bg5 g6 3. Bxf6 exf6 4. c4 Bg7 5. Nc3 f5 6. e3 {[%emt 0:02:30] A45: Trompowsky Attack.} O-O 7. g3 c5 8. Nge2 cxd4 9. exd4 Nc6 10. Qd3 {[%emt 0:06:12] [#]} f4 11. O-O-O {[%emt 0:10:02] [#]} d6 (11... d5 $1 $17 12. cxd5 Nb4) 12. Bg2 Bf5 13. Be4 Nb4 14. Qf3 Bxe4 15. Qxe4 Re8 16. Qxf4 Nxa2+ 17. Nxa2 Rxe2 18. Nc3 Re6 19. Qf3 a5 20. Kb1 (20. Rhe1 $1 $11) 20... a4 21. Nb5 Rf6 22. Qxb7 {[%emt 0:02:33] [#]} a3 $15 ({Much worse is} 22... Rxf2 $6 23. Rhf1 Rb8 (23... Rxh2 $2 {loses.} 24. Rxf7 Kh8 25. Rxg7 $18) 24. Qa7 $11) (22... d5 $1 $17 23. Qxd5 Qxd5 24. cxd5 Rb8) 23. Nxa3 Rxf2 24. Rhf1 Rxf1 25. Rxf1 Bxd4 26. Qxf7+ Kh8 27. Qd5 Bg7 28. Rf3 Qe8 29. Rd3 Rb8 30. Nb5 Qe1+ 31. Rd1 Qb4 32. Rd2 Rf8 33. Ka2 Rb8 34. Kb1 Rf8 35. Ka2 h6 36. Qd3 Rb8 37. Rc2 Ra8+ 38. Na3 Kh7 39. h4 Ra5 40. g4 h5 41. gxh5 Rxh5 42. Rg2 Rh6 43. h5 Kh8 44. hxg6 Rh1 45. Re2 Be5 46. Qf3 1-0

[Event "FIDE World Cup O12-B 2024"]
[Site "Batumi"]
[Date "2024.06.26"]
[Round "4.7"]
[White "Ambartsumyan, Yuri"]
[Black "Garakhanov, Shamsi"]
[Result "0-1"]
[ECO "E87"]
[WhiteElo "1750"]
[BlackElo "1884"]
[Annotator "NA RC"]
[PlyCount "96"]
[EventDate "2024.06.23"]
[EventType "swiss"]
[EventCountry "GEO"]
[SourceTitle "playchess.com"]
[Source "ChessBase"]
[SourceQuality "1"]
[TimeControl "5400+30"]

1. d4 Nf6 2. c4 g6 3. Nc3 Bg7 4. e4 d6 5. f3 O-O 6. Be3 e5 7. d5 Nbd7 8. Qd2 Nc5 9. g4 h5 10. gxh5 (10. g5 $16 Nfd7 11. Nh3) 10... Nxh5 11. O-O-O Bd7 12. Nge2 a6 13. Ng3 Nf4 14. Qc2 ({Better is} 14. h4 $16) 14... Qe8 15. Nge2 b5 $14 16. b4 Nb7 17. c5 dxc5 18. bxc5 b4 19. c6 bxc3 20. cxd7 Qxd7 21. Nxc3 Qe7 22. Kb1 Rfb8 23. Ka1 Nd6 24. h4 Bf8 25. Bc1 Nb5 26. Nxb5 axb5 27. Bb2 Ra7 28. Kb1 Rba8 29. Qc3 Rxa2 30. Bxb5 Bg7 31. Bc4 R2a7 32. Qb3 Qf8 33. Kc1 Rb8 34. Qc3 Rab7 35. Rh2 Bh6 36. Kb1 Bg7 37. Kc1 Qe8 38. Rc2 Bh6 39. Kb1 Qa4 40. Rdd2 Bg7 41. Rf2 Kh7 42. Rh2 f6 43. h5 g5 44. h6 Bf8 45. Kc1 Bc5 46. Rhd2 Bb4 47. Qe3 Bxd2+ 48. Qxd2 Qa1+ 0-1

[Event "FIDE World Cup O12-B 2024"]
[Site "Batumi"]
[Date "2024.06.26"]
[Round "4.8"]
[White "Amangeldy, Ramazan"]
[Black "Martinez Flores, Matias"]
[Result "0-1"]
[ECO "D02"]
[WhiteElo "1740"]
[BlackElo "2080"]
[Annotator "RC"]
[PlyCount "66"]
[EventDate "2024.06.23"]
[EventType "swiss"]
[EventCountry "GEO"]
[SourceTitle "playchess.com"]
[Source "ChessBase"]
[SourceQuality "1"]
[TimeControl "5400+30"]

1. d4 d5 2. Nf3 Nf6 3. Bf4 e6 4. e3 c5 5. Nbd2 Nc6 6. c3 cxd4 7. exd4 Nh5 8. Bg5 f6 9. Be3 Bd6 10. Ne5 fxe5 11. Qxh5+ g6 12. Qh6 Bf8 13. Qg5 Be7 14. Qg3 exd4 15. cxd4 O-O 16. Bb5 Bh4 17. Qh3 e5 18. g4 exd4 19. Bh6 Rxf2 20. O-O-O Ne5 21. Qb3 Bxg4 22. Rde1 Rf5 23. Re4 Bf3 24. Rxe5 Qc7+ 25. Kb1 Bxh1 26. Rxf5 gxf5 27. Nf3 Bxf3 28. Qxf3 Qe5 29. Bf4 Qe4+ 30. Qd3 Qxf4 31. a4 Qe4 32. Ka2 Qxd3 33. Bxd3 f4 0-1

[Event "FIDE World Cup O12-B 2024"]
[Site "Batumi"]
[Date "2024.06.26"]
[Round "4.9"]
[White "Suleymanov, Askhab"]
[Black "Minkhajdarov, Ruslan"]
[Result "0-1"]
[ECO "B53"]
[WhiteElo "1630"]
[BlackElo "1921"]
[Annotator "NA RC"]
[PlyCount "106"]
[EventDate "2024.06.23"]
[EventType "swiss"]
[EventCountry "GEO"]
[SourceTitle "playchess.com"]
[Source "ChessBase"]
[SourceQuality "1"]
[TimeControl "5400+30"]

1. e4 c5 2. Nf3 d6 3. d4 cxd4 4. Qxd4 Nc6 5. Qe3 Nf6 6. Be2 e6 7. O-O Be7 8. c4 O-O 9. Nc3 a6 10. h3 Qc7 11. b3 Ne5 12. Rd1 b6 13. Ba3 Re8 14. Rac1 Bb7 15. Nd4 $14 (15. Nxe5 $16 dxe5 16. Bxe7 Rxe7 17. Na4 Bxe4 18. Nxb6) 15... Bf8 16. Bf3 Rad8 17. Nde2 h6 18. Ng3 Nxf3+ 19. Qxf3 Rd7 20. Qe3 Bc6 21. b4 Ba8 22. Na4 Rb8 23. c5 bxc5 24. bxc5 d5 25. Nb6 Rdd8 26. e5 Nd7 27. Nxd7 Qxd7 28. Qd4 Rdc8 29. Rd3 Bc6 30. Nh5 Kh8 31. Rg3 Qe7 32. Nf6 Rb5 33. Qf4 g6 34. Ng4 g5 35. Qe3 Bg7 36. h4 gxh4 37. Rh3 Qg5 38. f4 Qxg4 39. Qf2 Rcb8 40. Rxh4 Qf5 41. Rc3 Rb1+ 42. Kh2 Kg8 43. Rg3 Kf8 44. Qe2 Ra1 45. Qxa6 Qb1 46. Kh3 Qb5 47. Qa7 Rh1+ 48. Kg4 Qe2+ 49. Rf3 Qxg2+ 50. Rg3 Qe2+ 51. Rf3 Rg1+ 52. Kh5 Qxf3+ 53. Rg4 Rh1# 0-1

[Event "FIDE World Cup O12-B 2024"]
[Site "Batumi"]
[Date "2024.06.26"]
[Round "4.10"]
[White "Yusupov, Rauf"]
[Black "Akhmet, Suleyman"]
[Result "1-0"]
[ECO "D04"]
[WhiteElo "1800"]
[BlackElo "1793"]
[Annotator "NA RC"]
[PlyCount "86"]
[EventDate "2024.06.23"]
[EventType "swiss"]
[EventCountry "GEO"]
[SourceTitle "playchess.com"]
[Source "ChessBase"]
[SourceQuality "1"]
[TimeControl "5400+30"]

1. d4 Nf6 2. Nf3 d5 3. e3 c5 4. b3 cxd4 5. exd4 Nc6 6. Bb2 Bf5 7. Bd3 Bxd3 8. Qxd3 e6 9. a3 Bd6 10. Nbd2 O-O 11. O-O Rc8 12. c4 b6 13. Rac1 Bf4 14. Rc2 Qd7 15. g3 dxc4 16. bxc4 Bxd2 17. Rxd2 Na5 18. Ne5 Qa4 $15 19. Rc2 Rfd8 20. Rcc1 Qb3 21. Qe2 Rc7 22. Rfd1 Rdc8 23. Rd3 Qa4 24. c5 Nd5 25. Rf3 Qe8 26. Rc2 Nc6 27. Nc4 Qf8 28. Nd6 Rd8 29. Qe4 Rcd7 30. a4 Na5 31. Ba3 Nf6 32. Qe3 Nd5 33. Qd2 Nc6 34. cxb6 Ndb4 35. Bxb4 Nxb4 36. Qxb4 axb6 37. Qxb6 Rxd6 38. Qb7 Rb8 39. Qa7 Ra8 40. Qb7 Rda6 41. Rc7 f6 42. Rfc3 Rxa4 43. Rc8 Qd8 1-0

[Event "FIDE World Cup O12-B 2024"]
[Site "Batumi"]
[Date "2024.06.26"]
[Round "4.11"]
[White "Khubuluri, Zaal"]
[Black "Amreyev, Azat"]
[Result "0-1"]
[ECO "C06"]
[WhiteElo "1501"]
[BlackElo "1704"]
[Annotator "NA RC"]
[PlyCount "88"]
[EventDate "2024.06.23"]
[EventType "swiss"]
[EventCountry "GEO"]
[SourceTitle "playchess.com"]
[Source "ChessBase"]
[SourceQuality "1"]
[TimeControl "5400+30"]

1. e4 e6 2. d4 d5 3. Nd2 Nf6 4. e5 Nfd7 5. Bd3 c5 6. c3 Nc6 7. Ne2 cxd4 8. cxd4 f6 9. exf6 Nxf6 10. Nf3 Bd6 11. O-O Qc7 12. Bg5 O-O 13. Bh4 Nh5 14. Qc2 h6 15. Bh7+ Kh8 16. Bg6 Rxf3 17. gxf3 Bxh2+ 18. Kg2 Nf4+ 19. Nxf4 Qxf4 20. Bg3 Bxg3 21. fxg3 Qf6 22. Rac1 Bd7 23. Rfd1 Nxd4 24. Qf2 Nxf3 25. Qxf3 Qxg6 26. Qd3 Qxd3 27. Rxd3 Bc6 28. Kf2 Rf8+ 29. Rf3 Re8 30. Re1 d4 31. Rd3 e5 32. b3 Kg8 33. a4 Kf7 34. Kg1 Kf6 35. Rd2 Rd8 36. Rf2+ Ke6 37. Rd2 e4 38. Rde2 Ke5 39. Rd2 d3 40. Red1 Kd4 41. Rc1 Bd5 42. Kf1 e3 43. Rh2 d2 44. Rd1 Kd3 0-1

[Event "FIDE World Cup O12-B 2024"]
[Site "Batumi"]
[Date "2024.06.26"]
[Round "4.12"]
[White "Cronje, Johannes Christiaan"]
[Black "Atar, Semih Akif"]
[Result "0-1"]
[ECO "D37"]
[WhiteElo "1504"]
[BlackElo "1660"]
[Annotator "NA RC"]
[PlyCount "170"]
[EventDate "2024.06.23"]
[EventType "swiss"]
[EventCountry "GEO"]
[SourceTitle "playchess.com"]
[Source "ChessBase"]
[SourceQuality "1"]
[TimeControl "5400+30"]

1. c4 e6 2. Nc3 d5 3. e3 Nf6 4. Nf3 Be7 5. Be2 O-O 6. O-O b6 7. d4 dxc4 8. Bxc4 Bb7 9. Re1 c5 10. b3 Nc6 11. Ba3 cxd4 12. Bxe7 Nxe7 13. Nxd4 Ned5 14. Nxd5 Nxd5 15. e4 Nf6 16. f3 Qe7 17. Qe2 Rfd8 18. Nc2 Rac8 19. Red1 Qc5+ 20. Kh1 h6 21. Rxd8+ Rxd8 22. Rd1 Qc7 23. Rxd8+ Qxd8 24. Qd3 Qc7 25. Ne3 Nd7 26. h3 a6 27. Qc2 Qc5 28. Qe2 b5 29. Bd3 Ne5 30. Kh2 Qc3 31. Bb1 Nc6 32. Qd3 Qxd3 33. Bxd3 Nd4 34. Kg1 e5 35. Nf5 Nxf5 36. exf5 Kf8 37. Be4 Bxe4 38. fxe4 Ke7 39. Kf2 Kd6 40. b4 Kc6 41. Ke3 a5 42. bxa5 Kb7 43. Kd3 Ka6 44. Kc3 Kxa5 45. Kb3 Kb6 46. Kb4 Kc6 47. a3 Kb6 48. g4 f6 49. h4 Kc6 50. h5 Kb6 51. Kb3 Ka5 52. Kc3 Ka4 53. Kb2 b4 54. axb4 Kxb4 55. Kc2 Kc4 56. Kd2 Kd4 57. Ke2 Kxe4 58. Kf2 Kf4 59. g5 Kxf5 60. gxf6 gxf6 61. Kf3 Kg5 62. Ke4 Kxh5 63. Kf5 e4 64. Kxe4 Kg4 65. Ke3 h5 66. Kf2 f5 67. Kg2 f4 68. Kg1 f3 69. Kf2 h4 70. Kg1 Kg3 71. Kf1 f2 72. Ke2 Kg2 73. Ke3 f1=Q 74. Kd4 Qe2 75. Kc3 Qe4 76. Kd2 Kf2 77. Kc3 Qd5 78. Kb4 Qc6 79. Kb3 Qc5 80. Kb2 Qc4 81. Kb1 Ke2 82. Kb2 Kd2 83. Kb1 Kc3 84. Kc1 Qe2 85. Kb1 Qb2# 0-1